 Dungeon Sprint DCSS version 0.30.1-4-g462c640d31 (webtiles) character file.

Game seed: 2871130788067367088

9450 Heoruswealwe the Imperceptible (level 11, -13/48 HPs)
             Began as a Spriggan Artificer on Aug 29, 2023.
             Was an Initiate of Gozag.
             Mangled by a demonic crawler (16 damage)
             ... in the Dungeon (Sprint I: "Red Sonja").
             The game lasted 00:18:44 (915 turns).

Heoruswealwe the Imperceptible (Spriggan Artificer)  Turns: 915, Time: 00:18:45

Health: -13/48     AC:  2    Str:  8    XL:     11   Next: 23%
Magic:  12/12      EV: 31    Int: 14    God:    Gozag
Gold:   1201       SH:  0    Dex: 19    Spells: 10/10 levels left

rFire   . . .        a - +2 short sword (venom)
rCold   . . .        (no shield)
rNeg    . . .        c - +0 robe
rPois   .            (helmet restricted)
rElec   .            (no cloak)
rCorr   .            (gloves unavailable)
SInv    +            (boots unavailable)
Will    +....        (no amulet)
Stlth   +++++++++    (no ring)
HPRegen 0.28/turn    (no ring)
MPRegen 0.13/turn

%: no teleportation
@: very quick
A: very small, no large weapons, unfitting armour, see invisible, speed 3
a: Renounce Religion, Potion Petition, Call Merchant, Bribe Branch


You were in the Dungeon.
You worshipped Gozag.
Gozag was most pleased with you.
You visited 1 branch You collected 4270 gold pieces.
You spent 2510 gold pieces at shops.
You donated 32 gold pieces to Zin.
You paid 527 gold pieces to Gozag.

Inventory:

Hand Weapons
 a - a +2 short sword of venom (weapon)
Armour
 c - a +0 robe (worn)
Jewellery
 B - the amulet "Hainnaap" {RegenMP rC+ rN++ rCorr Stlth-}
   (You bought it in a shop in the Dungeon)

   [amulet of magic regeneration]

   It increases your rate of magic regeneration.
   rC:        It protects you from cold.
   rN:        It greatly protects you from negative energy.
   rCorr:     It protects you from acid and corrosion.
   Stlth:     It makes you less stealthy.
Wands
 b - a wand of flame (25) (quivered)
 d - a wand of charming (9)
 l - a wand of mindburst (11)
 z - a wand of acid (10)
Scrolls
 m - 2 scrolls of identify
 o - 2 scrolls of enchant armour
 s - a scroll of fog
 u - a scroll of brand weapon
 w - a scroll of poison
 x - a scroll of silence
 C - a scroll of summoning
Potions
 f - 5 potions of curing
 h - a potion of haste
 i - 2 potions of magic
 j - a potion of berserk rage
 p - a potion of cancellation
 q - a potion of might
 D - a potion of lignification
 E - a potion of ambrosia
Miscellaneous
 t - a phial of floods (inert)
 A - a box of beasts


   Skills:
 - Level 0.7 Fighting
 + Level 16.4 Dodging
 * Level 25.7 Stealth
 * Level 22.3 Evocations


You had 10 spell levels left.
You didn't know any spells.
Your spell library was empty.

Dungeon Overview and Level Annotations

Branches:
Dungeon (1/1)

Altars:
Cheibriados
Dithmenos
Elyvilon
Fedhas
Gozag
Hepliaklqana
Kikubaaqudgha
Makhleb
Nemelex Xobeh
Okawaru
Qazlal
Ru
Sif Muna
Trog
Uskayaw
Vehumet
Wu Jian
Xom
Yredelemnul
Zin
The Shining One
Jiyva
Lugonu

Shops:
D **[([[?[=?:=*=*(:*?*[!


Innate Abilities, Weirdness & Mutations

You are very small and have problems with some larger weapons.
You are too small for most types of armour.
You have supernaturally acute eyesight. (SInv)
You cover ground extremely quickly. (Speed+++)


Message History

Aim: a gargoyle, wielding a +0 flail (chance to affect: 92%)
The gargoyle's mind is blasted!!!
You blow up the gargoyle!
You hear a splash. x2
The demonic crawler is no longer waterlogged.
Your phial of floods has recharged.
The demonic crawler is no longer distracted by gold.
The demonic crawler closely misses you.
The demonic crawler hits you but does no damage.
The demonic crawler closely misses you.
There is an open door here.
Okay, then.
Aim the phial where?
Press: ? - help, Shift-Dir - straight line, f - demonic crawler
Aim: a demonic crawler The torrent of water hits the demonic crawler!!
The demonic crawler is heavily wounded.
The demonic crawler is knocked back by the torrent of water.
The demonic crawler is engulfed in water.
The wave splashes down.
Splash!
You fall into the shallow water.
Moving in this stuff is going to be slow.
The demonic crawler is engulfed in water.
The demonic crawler completely misses you.
The demonic crawler misses you. The demonic crawler barely misses you.
The demonic crawler attacks as you move away!
The demonic crawler misses you.
The demonic crawler completely misses you.
The demonic crawler misses you.
The demonic crawler attacks as you move away!
The demonic crawler misses you.
The demonic crawler completely misses you.
The demonic crawler hits you!
* * * LOW HITPOINT WARNING * * *
The demonic crawler hits you.
* * * LOW HITPOINT WARNING * * *
The demonic crawler hits you!
You die...
Your body crumbles into a pile of gold.

##########################******
#<.#..'..#.['..#__#~~$..)#$,*,$$
#..').#..'..#..@ss'~~#..~##+#$**
#..#####'#####'#__####)$$'~$#$*$
#..####..#...#.####([#####~~+$*+
#).#__####..##.#§§~§§#..#*+##**,
#..#_____##'#_.+~§§§§+..#,,,,,*,
#⌠⌠#_.∩...'..._#~§~§)#..#,,,,,+,
####_..__##_.#'##+#####'###,,,*,
*$$#_____###'#.#.[..###.+.#,,,**
############.####'###)###.#,,***


You could see 2 demonic crawlers.

Vanquished Creatures
  2 centaur warriors (D)
  Sonja (D)
  A deep troll (D)
  An oklob plant (D)
  8 shining eyes (D)
  A gargoyle (D)
  2 kobold demonologists (D)
  2 unseen horrors (D)
  A hornet (D)
  A slime creature (D)
  Sigmund (D)
  A yak (D)
  2 redbacks (D)
  6 floating eyes (D)
  An ogre (D)
  7 necrophages (D)
  8 jellies (D)
  Ijyb (D)
47 creatures vanquished.

Vanquished Creatures (others)
  2 demonic crawlers (D)
  2 ballistomycete spores (D)
4 creatures vanquished.

Grand Total: 51 creatures vanquished

Notes
Turn   | Place    | Note
-------+----------+-------------------------------------------
     0 | D        | Heoruswealwe the Spriggan Artificer began the quest for the
                  | Orb.
     0 | D        | Reached XP level 1. HP: 9/9 MP: 2/2
     1 | D        | Noticed Ijyb
     3 | D        | Killed Ijyb
     4 | D        | Reached skill level 5 in Stealth
     4 | D        | Reached XP level 2. HP: 14/14 MP: 3/3
    12 | D        | Noticed an ogre
    22 | D        | Killed an ogre
    23 | D        | Reached skill level 9 in Stealth
    23 | D        | Reached XP level 3. HP: 17/17 MP: 4/4
    23 | D        | Reached XP level 4. HP: 21/21 MP: 5/5
    39 | D        | Noticed Sigmund
    42 | D        | Killed Sigmund
    43 | D        | Reached skill level 12 in Stealth
    43 | D        | Reached XP level 5. HP: 25/25 MP: 6/6
    43 | D        | Reached XP level 6. HP: 29/29 MP: 7/7
    55 | D        | Found an ornate altar of the Wu Jian Council.
    55 | D        | Found a shimmering blue altar of Sif Muna.
    57 | D        | Found a radiant altar of Vehumet.
    92 | D        | Found Samuqeti's Antique Armour Emporium.
    92 | D        | Found an ancient bone altar of Kikubaaqudgha.
    92 | D        | Found a hazy altar of Hepliaklqana.
    92 | D        | Found a stormy altar of Qazlal.
    92 | D        | Found a hide-covered altar of Uskayaw.
    92 | D        | Found a blossoming altar of Fedhas.
    92 | D        | Found a bloodstained altar of Trog.
    92 | D        | Found an iron altar of Okawaru.
    92 | D        | Found a basalt altar of Yredelemnul.
    92 | D        | Found a glowing golden altar of the Shining One.
    92 | D        | Found a snail-covered altar of Cheibriados.
    92 | D        | Found a sacrificial altar of Ru.
    92 | D        | Found a glowing silver altar of Zin.
    92 | D        | Found a shadowy altar of Dithmenos.
    92 | D        | Found a white marble altar of Elyvilon.
    92 | D        | Noticed a yak
    93 | D        | Found an opulent altar of Gozag.
    94 | D        | Killed a yak
    95 | D        | Reached skill level 14 in Stealth
    95 | D        | Found a sparkling altar of Nemelex Xobeh.
   100 | D        | Became a worshipper of Zin the Law-Giver
   100 | D        | Reached * piety under Zin
   100 | D        | Reached ** piety under Zin
   100 | D        | Reached *** piety under Zin
   100 | D        | Reached **** piety under Zin
   100 | D        | Reached ***** piety under Zin
   100 | D        | Reached ****** piety under Zin
   109 | D        | Noticed Sonja
   113 | D        | Killed Sonja
   114 | D        | Reached skill level 10 in Dodging
   114 | D        | Reached skill level 16 in Stealth
   114 | D        | Reached XP level 7. HP: 28/32 MP: 8/8
   132 | D        | Found Yptaxait's Assorted Antiques.
   140 | D        | Bought a scroll labelled QIMERCH WIGGE for 21 gold pieces
   140 | D        | Bought a scroll labelled WUYLOURAMI for 21 gold pieces
   140 | D        | Bought a scroll labelled GODY QYREE for 21 gold pieces
   140 | D        | Bought a viscous black potion for 18 gold pieces
   140 | D        | Bought a white potion for 18 gold pieces
   142 | D        | Noticed a shining eye
   142 | D        | Noticed a shining eye
   142 | D        | Noticed a shining eye
   142 | D        | Noticed a shining eye
   142 | D        | Noticed a shining eye
   142 | D        | Noticed a shining eye
   145 | D        | Reached skill level 17 in Stealth
   145 | D        | Reached XP level 8. HP: 37/37 MP: 9/9
   145 | D        | Noticed a shining eye
   145 | D        | Noticed a shining eye
   152 | D        | Reached skill level 15 in Evocations
   153 | D        | Paralysed by a floating eye for 2 turns
   167 | D        | Killed a shining eye
   168 | D        | Reached skill level 18 in Stealth
   169 | D        | Killed a shining eye
   170 | D        | Reached skill level 19 in Stealth
   170 | D        | Reached XP level 9. HP: 40/40 MP: 10/10
   185 | D        | Killed a shining eye
   186 | D        | Reached skill level 20 in Stealth
   197 | D        | Killed a shining eye
   210 | D        | Killed a shining eye
   211 | D        | Reached skill level 21 in Stealth
   220 | D        | Killed a shining eye
   234 | D        | Killed a shining eye
   235 | D        | Reached skill level 22 in Stealth
   235 | D        | Reached XP level 10. HP: 44/44 MP: 11/11
   251 | D        | Killed a shining eye
   263 | D        | Found Leoxemua's Antique Armour Shoppe.
   263 | D        | Found Jes Vejo's Antique Armour Shop.
   263 | D        | Found Binwis Lucw's Weapon Emporium.
   263 | D        | Found Basuem's Magic Scroll Boutique.
   281 | D        | Bought a scroll of identify for 20 gold pieces
   281 | D        | Bought a scroll of identify for 20 gold pieces
   281 | D        | Bought a scroll of identify for 20 gold pieces
   281 | D        | Bought a scroll of identify for 20 gold pieces
   308 | D        | Fell from the grace of Zin
   308 | D        | Became a worshipper of Gozag Ym Sagoz the Greedy
   397 | D        | Noticed a deep troll
   401 | D        | Killed a deep troll
   412 | D        | Found Zeucsuen's Armour Emporium.
   434 | D        | Noticed a centaur warrior
   435 | D        | Noticed a centaur warrior
   438 | D        | Killed a centaur warrior
   439 | D        | Reached skill level 23 in Stealth
   440 | D        | Killed a centaur warrior
   441 | D        | Reached skill level 15 in Dodging
   474 | D        | Noticed an oklob plant
   476 | D        | Killed an oklob plant
   477 | D        | Reached skill level 24 in Stealth
   603 | D        | Reached XP level 11. HP: 48/48 MP: 12/12
   609 | D        | Reached skill level 25 in Stealth
   676 | D        | Found Viri Koxi's Jewellery Shoppe.
   676 | D        | Found Rued's Armour Shop.
   676 | D        | Found Ufoneippu's Magic Scroll Boutique.
   682 | D        | Found Uqivyoj's Magic Scroll Boutique.
   682 | D        | Found Witiriro's Distillery.
   682 | D        | Found Xyjyonk's General Store.
   684 | D        | Found Diazot's Assorted Antiques.
   684 | D        | Found Biqan's Book Shoppe.
   684 | D        | Found Jorul's Antique Weapon Shop.
   684 | D        | Found Wuzuuxke's General Store.
   684 | D        | Found Oretryex's Jewellery Boutique.
   684 | D        | Found Utiyruili's Assorted Antiques.
   684 | D        | Found Xokkeczi's Jewellery Shop.
   688 | D        | Found Onuur's Book Emporium.
   689 | D        | Bought a scroll labelled CAOTHR SOYNI for 27 gold pieces
   689 | D        | Bought a scroll labelled RIRRITIGUJ for 27 gold pieces
   689 | D        | Bought a scroll labelled SOFEDASEQU for 27 gold pieces
   689 | D        | Bought a scroll labelled PECIEDU LUOXZA for 27 gold pieces
   689 | D        | Bought a scroll labelled JALU FUACETONT for 27 gold pieces
   689 | D        | Bought a scroll labelled JALU FUACETONT for 27 gold pieces
   692 | D        | Bought a wand of acid (3) for 138 gold pieces
   692 | D        | Bought a scroll of identify for 22 gold pieces
   692 | D        | Bought a box of beasts for 440 gold pieces
   694 | D        | Bought a serpentine platinum amulet for 110 gold pieces
   694 | D        | Identified the amulet "Hainnaap" {RegenMP rC+ rN++ rCorr
                  | Stlth-} (You bought it in a shop in the Dungeon)
   694 | D        | Bought a scroll labelled ZUPHERR JARIOS for 22 gold pieces
   694 | D        | Bought a black potion for 19 gold pieces
   694 | D        | Bought a fuming amethyst potion for 19 gold pieces
   697 | D        | Bought a scroll of identify for 24 gold pieces
   697 | D        | Bought a scroll of identify for 24 gold pieces
   725 | D        | Bought a scroll of identify for 28 gold pieces
   725 | D        | Bought a scroll of identify for 28 gold pieces
   725 | D        | Bought a scroll of identify for 28 gold pieces
   743 | D        | Bought 2 scrolls of identify for 88 gold pieces
   743 | D        | Bought a scroll of identify for 44 gold pieces
   743 | D        | Bought a scroll of identify for 44 gold pieces
   823 | D        | Bought a scroll of acquirement for 520 gold pieces
   826 | D        | Acquired 935 gold pieces
   840 | D        | Bought a wand of acid (8) for 571 gold pieces
   859 | D        | Found a burning altar of Makhleb.
   859 | D        | Found a viscous altar of Jiyva.
   859 | D        | Found a shimmering altar of Xom.
   859 | D        | Found a corrupted altar of Lugonu.
   915 | D        | Mangled by a demonic crawler

Illustrated notes

Levels and vault maps discovered:
D:        dungeon_sprint_1 [red_sonja_temple_1, red_sonja_temple_small_1]

Skill      XL: |  1  2  3  4  5  6  7  8  9 10 11 |
---------------+----------------------------------+-----
Dodging        | 4 6 8 10 12 14 15 16 | 16.4
Stealth        | 5 9 12 16 17 19 22 24 25 | 25.7
Evocations     | 6 8 11 14 17 19 21 22 | 22.3
Fighting       | |  0.7

Action                     |  1- 3 |  4- 6 |  7- 9 | 10-12 || total
---------------------------+-------+-------+-------+-------++-------
  Melee: Dagger            |       |     3 |       |       ||     3
         Short sword       |       |       |    71 |    29 ||   100
         Punch             |       |       |     2 |       ||     2
 Invoke: Call Merchant     |       |       |       |     1 ||     1
  Evoke: Wand              |     6 |     1 |       |    24 ||    31
         Phial of floods   |       |       |       |     2 ||     2
    Use: Scroll            |       |       |       |    17 ||    17
         Potion            |       |       |       |     1 ||     1
   Stab: Sleeping          |       |     3 |     4 |    12 ||    19
 Armour: Robe              |       |       |       |     1 ||     1
  Dodge: Dodged            |       |     2 |       |    39 ||    41
